 Dungeon Crawl Stone Soup version 0.28.0 (webtiles) character file.

Game seed: 12940332869752967948

1 Doggr the Caller (level 1, -1/10 HPs)
             Began as a Deep Elf Summoner on Feb 8, 2022.
             Slain by a jackal (3 damage)
             ... on level 1 of the Dungeon.
             The game lasted 00:01:52 (45 turns).

Doggr the Caller (Deep Elf Summoner)                  Turns: 45, Time: 00:01:52

Health: -1/10      AC:  2    Str:  5    XL:     1   Next: 16%
Magic:  4/6        EV: 12    Int: 19    God:
Gold:   0          SH:  0    Dex: 15    Spells: 5/6 levels left

rFire   . . .      SeeInvis .   (no weapon)
rCold   . . .      Faith    .   (no shield)
rNeg    . . .      Spirit   .   a - +0 robe
rPois   .          Reflect  .   (no helmet)
rElec   .          Harm     .   (no cloak)
rCorr   .          Rampage  .   (no gloves)
Will    .....                   (no boots)
Stlth   ++........              (no amulet)
HPRegen 0.03/turn               (no ring)
MPRegen 0.10/turn               (no ring)

@: no status effects
A: no striking features
a: no special abilities


You were on level 1 of the Dungeon.
You visited 1 branch of the dungeon, and saw 1 of its levels.

Inventory:

Missiles
 b - 17 arrows
Armour
 a - a +0 robe (worn)


   Skills:
 + Level 2.4 Dodging
 + Level 2.4 Stealth
 + Level 3.0 Spellcasting
 + Level 4.4 Summonings


You had 5 spell levels left.
You knew the following spells:

 Your Spells              Type           Power      Damage    Failure   Level
a - Summon Small Mammal   Summ           76%        N/A       2%          1

Your spell library contained the following spells:

 Spells                   Type           Power      Damage    Failure   Level
 Call Imp                 Summ           19%        N/A       3%          2
 Call Canine Familiar     Summ           19%        N/A       8%          3
 Summon Guardian Golem    Hex/Summ       11%        N/A       19%         3
 Summon Lightning Spire   Summ/Air       11%        N/A       52%         4


Dungeon Overview and Level Annotations

Branches:
Dungeon (1/15)

Altars:


Message History

Your bat dies!
Your bat's corpse disappears in a puff of smoke!
Your bat hits the hobgoblin but does no damage.
Your bat completely misses the hobgoblin.
Your bat closely misses the jackal.
The hobgoblin barely misses your bat.
Sorry, you're not good enough to have a special ability.
Casting: Summon Small Mammal (safe; 2% risk of failure)
Confirm with . or Enter, or press ? or * to list all spells.
Your bat hits the hobgoblin. The jackal bites your rat.
The hobgoblin barely misses your bat.
Your bat misses the hobgoblin. The jackal bites your rat.
Your rat dies!
Your rat's corpse disappears in a puff of smoke!
Your bat closely misses the hobgoblin.
Casting: Summon Small Mammal (safe; 2% risk of failure)
Confirm with . or Enter, or press ? or * to list all spells.
Your bat hits the hobgoblin.
The hobgoblin dies!
The jackal closely misses your bat.
Your bat closely misses the jackal.
The jackal closely misses your bat. x2
Your bat hits the jackal but does no damage.
The jackal barely misses your bat. The jackal bites your bat.
Your bat dies!
Your bat's corpse disappears in a puff of smoke!
Your bat hits the jackal but does no damage.
Your bat completely misses the jackal.
Your bat hits the jackal.
There is an open door here.
Your bat barely misses the jackal.
The jackal bites you.
* * * LOW HITPOINT WARNING * * *
Your bat hits the jackal but does no damage.
Your bat closely misses the jackal.
Your bat barely misses the jackal.
Your bat completely misses the jackal.
Your bat barely misses the jackal.
The jackal misses you.
Your bat barely misses the jackal.
Your bat barely misses the jackal.
The jackal bites you.
* * * LOW HITPOINT WARNING * * *
As you open the door, it creaks loudly! The jackal bites you.
You die...

... ... ?.. #.# ... #.
. #.# #.#(# ##'##
#.#.## . #.@h##
#....##. ####..h.##
#..#..#. #........##
##.....#.
#.....b...####........
##.........'...........
#.8........####........
#<........## ###†###.##
#.8......## #.......#
##......## #.#.#####


You could see 2 jackals and a friendly bat (summoned).

Vanquished Creatures (collateral kills)
  A hobgoblin (D:1)
1 creature vanquished.

Notes
Turn   | Place    | Note
-------+----------+-------------------------------------------
     0 | D:1      | Doggr the Deep Elf Summoner began the quest for the Orb.
     0 | D:1      | Reached XP level 1. HP: 10/10 MP: 6/6
    45 | D:1      | Slain by a jackal

Illustrated notes

Levels and vault maps discovered:
D:1:      mrwooster_arrival_statue, layout_loops_corners

Action                   || total
-------------------------++-------
Melee: Unarmed           ||     1
 Cast: Summon Small Mamm ||     5
Dodge: Dodged            ||     1
